Unix NetHack Version 5.0.0-0 post-release - last build May 17 2026 04:57:42 (dc50c8380fa5e20985bfe3072449f57b8d9895ef,branch:main).

Game began 2026-05-21 20:11:08, ended 2026-05-21 21:00:08.

Corncycle, chaotic male human Rogue

                                ------ --
                               --..|.--.---
                               |..........--
                               |...........--
                              --............-
                              |.....>@.....|
                              --.........---
                               --.......--
                                --.....--
                                 .....(|
                                ..|...--
                               |.---..|
                               .    ..
                              -.    ..
                              |     ---

Corncycle the Rogue     St:10 Dx:18 Co:17 In:10 Wi:10 Ch:11  Chaotic
Dlvl:10 $:46 HP:0(61) Pw:28(28) AC:3  Xp:7 T:3031  Burdened Blind

Latest messages:
 In what direction?
 You kill the gnome lord!
 b - 4 daggers (at the ready) (9 in total).
 The gnome picks up 2 gems.
 You descend the stairs.
 There is a staircase up to level 9 here.
 You see here a pair of riding boots.
 d - a pair of riding boots.
 The gnome wields a thonged club!
 The gnome secures the tether on the thonged club.
 You descend the stairs.
 The gnome hits!
 You are hit by an arrow!
 The gnome just misses!
 The giant spider bites!
 The giant spider's bite was poisoned!
 Your movements are slowed slightly because of your load.
 You feel weaker!
 The gnome picks up an arrow.
 It is missed.
 The bottle crashes on your head and breaks into shards.
 The swirly potion evaporates.
 This burns!
 You hear the howling of the CwnAnnwn...
 The gnome misses!
 It is hit.
 The giant spider bites!
 What do you want to write with? [- abmoE-GQX or ?*]
 You burn into the floor with a wand of lightning.
 Lightning arcs from the wand.
 You are blinded by the flash!
 You feel an unseen monster!
 It misses.
 It is hit.
 It misses.
 It is hit.
 You try to feel what is lying here on the floor.
 Some text has been burned into the floor here.
 You feel the words: "Elbereth".
 It is hit.
 It misses.
 You climb up the stairs.
 It misses!
 It hits!
 You die...
 Do you want your possessions identified? [ynq] (y)
 Do you want to see your attributes? [ynq] (y)
 Do you want an account of creatures vanquished? [ynaq] (y)
 Do you want to see your conduct and achievements? [ynq] (y)
 Do you want to see the dungeon overview? [ynq] (y)

Inventory:
 Coins    ('$')
  $ - 46 gold pieces
 Weapons  (')')
  b - 9 +0 daggers (at the ready)
  X - a +0 dwarvish short sword
  a - a +0 short sword (weapon in right hand)
 Armor    ('[')
  R - an uncursed +0 dunce cap
  W - an uncursed +0 dwarvish iron helm (being worn)
  r - an uncursed +0 pair of iron shoes (being worn)
  d - an uncursed +0 pair of speed boots
  w - a cursed +0 cloak of displacement named cursed
  c - an uncursed +1 leather armor (being worn)
 Comestibles  ('%')
  Z - 2 uncursed food rations
 Scrolls  ('?')
  L - an uncursed scroll of amnesia
  O - 5 uncursed scrolls of blank paper
  g - an uncursed scroll of confuse monster
  x - a cursed scroll of destroy armor
  i - an uncursed scroll of food detection
  j - an uncursed scroll of gold detection
  n - an uncursed scroll of identify
  y - a cursed scroll of identify
  u - an uncursed scroll of magic mapping
  I - a cursed scroll of magic mapping
  P - an uncursed scroll of remove curse
  k - a cursed scroll of remove curse
 Potions  ('!')
  A - an uncursed potion of booze
  K - an uncursed potion of confusion
  D - a cursed potion of confusion
  v - an uncursed potion of levitation
 Wands    ('/')
  o - a wand of light (0:13)
  E - a wand of lightning (0:3)
  m - a wand of make invisible (0:6)
  F - a cursed wand of probing (0:2)
  Q - a wand of striking (0:1)
  G - a cursed wand of undead turning (0:6)
 Tools    ('(')
  Y - an uncursed sack containing 1 item
  z - a cursed brass lantern
  e - an uncursed lock pick
  H - a cursed skeleton key
  M - an uncursed tin opener
  t - an uncursed tin whistle

Contents of the sack:
  572 gold pieces

Corncycle the Rogue's attributes:

Background:
 You were a Rogue, level 7 male human.
 You were chaotic, on a mission for Kos
 who was opposed by Issek (lawful) and Mog (neutral).
 You were right-handed.
 You were in the Gnomish Mines, on level 10.
 You entered the dungeon 3031 turns ago.
 You had 743 experience points, 537 more were needed to attain level 8.

Basics:
 You had 0 out of 61 hit points.
 You had all 28 energy points (spell power).
 Your armor class was 3.
 Your wallet contained 46 zorkmids, and
 you had 572 more stashed away in your pack.
 Autopickup was on for '.' plus thrown.

Final Characteristics:
 Your strength was 10 (peak:13, limit:18/100).
 Your dexterity was 18 (limit:18).
 Your constitution was 17 (limit:18).
 Your intelligence was 10 (limit:18).
 Your wisdom was 10 (limit:18).
 Your charisma was 11 (limit:18).

Final Status:
 You were temporarily blind.
 You weren't hungry.
 You were burdened; movement was slightly slowed.
 You were wielding a short sword.
 You had basic skill with short sword and could have enhanced that.

Final Attributes:
 You were piously aligned.
 You were stealthy.
 You were warded.
 You are dead.

Miscellaneous:
 You encountered 1 bones level.
 Total elapsed playing time was 48 minutes and 59 seconds.

Major events:
 Turn
    1: Corncycle the chaotic male human Rogue entered the dungeon
  544: entered the Gnomish Mines
  558: attained the rank of Cutpurse (level 3)
 1906: attained the rank of Rogue (level 6)
 3031: killed by a gnome

You didn't know any spells.

Skills:
 Fighting Skills
   bare handed combat [Unskilled]
   two weapon combat  [Unskilled]
   riding             [Unskilled]
 Weapon Skills
   dagger             [Skilled]
   knife              [Unskilled]
   short sword        [Basic]
   broadsword         [Unskilled]
   long sword         [Unskilled]
   two-handed sword   [Unskilled]
   saber              [Unskilled]
   club               [Unskilled]
   mace               [Unskilled]
   morning star       [Unskilled]
   flail              [Unskilled]
   hammer             [Unskilled]
   polearms           [Unskilled]
   spear              [Unskilled]
   crossbow           [Unskilled]
   dart               [Unskilled]
   shuriken           [Unskilled]
 Spellcasting Skills
   divination spells  [Unskilled]
   escape spells      [Unskilled]
   matter spells      [Unskilled]

Voluntary challenges:
 Character rerolling was not enabled.
 You never genocided any monsters.
 You never polymorphed an object.
 You never changed form.
 You used no wishes.
Achievements:
 You entered a shop.
 You entered the Gnomish Mines.
 You attained the rank of Cutpurse.
 You attained the rank of Rogue.

 The Dungeons of Doom: levels 1 to 3
    Level 1:
       An altar, a fountain.
    Level 2:
       A tool shop, a fountain.
    Level 3:
       Stairs down to The Gnomish Mines.
 The Gnomish Mines: levels 4 to 11
    Level 4:
    Level 5:
       A grave.
       Final resting place for
          recuerdo-Cav-Hum-Fem-Neu, killed by a giant ant.
    Level 6:
    Level 8:
    Level 9:
    Level 10: <- You were here.
       Final resting place for
          you, killed by a gnome.
    Level 11:


Vanquished creatures:
  a ghost
  a large dog
  a gnome ruler
  a dust vortex
  a plains centaur
  a gnome mummy
  4 human zombies
  a water nymph
 an orc shaman
  2 rock piercers
  4 gnome leaders
  2 gnomish wizards
  2 paper golems
  3 giant ants
  a floating eye
  a kitten
  4 dwarves
  a kobold leader
  9 hill orcs
  2 rothes
  a giant bat
  a wererat
  3 iguanas
  3 hobbits
  2 giant rats
 20 gnomes
  4 garter snakes
  4 gnome zombies
  a gecko
  a jackal
  2 foxes
  a goblin
  2 sewer rats
  4 grid bugs
  2 lichens
  2 kobold zombies
  3 newts
99 creatures vanquished.

No species were genocided or became extinct.

Game over:
                       ----------
                      /          \
                     /    REST    \
                    /      IN      \
                   /     PEACE      \
                  /                  \
                  |    Corncycle     |
                  |      618 Au      |
                  |   killed by a    |
                  |      gnome       |
                  |                  |
                  |                  |
                  |       2026       |
                 *|     *  *  *      | *
        _________)/\\_//(\/(/\)/\//\/|_)_______

Goodbye Corncycle the Rogue...

You died in The Gnomish Mines on dungeon level 10 with 4059 points,
and 618 pieces of gold, after 3031 moves.
You were level 7 with a maximum of 61 hit points when you died.

